 Dungeon Crawl Stone Soup version 0.16.1-28-gcc2312f (webtiles) character file.

475 Kidiri the Caller (level 6, -1/35 HPs)
             Began as a Deep Elf Summoner on May 29, 2015.
             Slain by a killer bee (5 damage)
             ... on level 5 of the Dungeon.
             The game lasted 00:34:25 (6524 turns).

Kidiri the Caller (Deep Elf Summoner)               Turns: 6524, Time: 00:34:25

Health: -1/35      AC:  6    Str:  5    XL:     6   Next: 84%
Magic:  4/21       EV: 19    Int: 32    God:
Gold:   245        SH:  4    Dex: 20    Spells: 5 memorised, 1 level left

rFire  . . .     SeeInvis .     J - +1 dagger (pain)
rCold  . . .     Clarity  .     a - +0 robe
rNeg   + . .     SustAb   .     t - +0 buckler
rPois  +         Gourm    .     A - +0 helmet
rElec  .         Spirit   .     l - +1 cloak {rPois}
rCorr  .         Warding  .     w - +0 pair of gloves
rMut   +         Stasis   .     (no boots)
MR     .....                    y - amulet of resist mutation
Stlth  ++++......               i - +5 ring of intelligence
                                h - ring of positive energy

@: brilliant, agile, exhausted, flying (expiring), very slightly contaminated,
hasted and slowed, not resistant to hostile enchantments, stealthy
A: no striking features
a: no special abilities


You were on level 5 of the Dungeon.
You were not hungry.

You visited 1 branch of the dungeon, and saw 5 of its levels.
You also visited: Sewer.

You collected 245 gold pieces.

Inventory:

Hand weapons
 k - a +3 quarterstaff of chaos
 p - a +0 short sword
 G - a +2 hand crossbow of evasion
 J - a +1 dagger of pain (weapon)
Missiles
 H - 47 bolts
Armour
 a - a +0 robe (worn)
 l - a +1 cloak of poison resistance (worn)
 n - a +0 helmet
 t - a +0 buckler (worn)
 w - a +0 pair of gloves (worn)
 A - a +0 helmet (worn)
Jewellery
 h - a ring of positive energy (left hand)
 i - a +5 ring of intelligence (right hand)
 y - an amulet of resist mutation (around neck)
Magical devices
 g - a wand of magic darts (0)
Scrolls
 j - 2 scrolls of enchant weapon
 m - 2 scrolls of recharging
 o - 2 scrolls of random uselessness
 q - 3 scrolls of identify
 r - 2 scrolls of fear {unknown}
 u - a scroll of amnesia {unknown}
 v - a scroll of magic mapping {unknown}
 B - 2 scrolls of remove curse
 D - a scroll of blinking {unknown}
Potions
 s - a potion of haste
 z - a potion of berserk rage
 C - a potion of agility
 E - 5 potions of flight
 F - a potion of brilliance
 I - a potion of magic
Books
 b - a book of Callings

   Spells                             Type                      Level
   a - Summon Small Mammal            Summoning                    1
   b - Call Imp                       Summoning                    2
   c - Call Canine Familiar           Summoning                    3
   d - Summon Guardian Golem          Hexes/Summoning              4
   e - Summon Lightning Spire         Summoning/Air                4
   f - Summon Ice Beast               Ice/Summoning                4
Comestibles
 c - 7 bread rations
 d - a beef jerky
 f - 8 fruits
 x - a meat ration


   Skills:
 + Level 2.0 Fighting
 + Level 4.1 Dodging
 + Level 3.8 Stealth
 + Level 5.4 Spellcasting
 * Level 2.1 Hexes
 + Level 5.7 Summonings
 * Level 1.8 Ice Magic


You had one spell level left.
You knew the following spells:

 Your Spells              Type           Power        Failure   Level  Hunger
a - Summon Small Mammal   Summ           ####         1%          1    None
b - Call Imp              Summ           ######..     1%          2    None
c - Call Canine Familiar  Summ           ######..     1%          3    None
d - Summon Guardian Gole  Hex/Summ       ######..     2%          4    ###....
e - Summon Ice Beast      Ice/Summ       ######..     2%          4    ###....


Dungeon Overview and Level Annotations

Branches:
Dungeon (5/15)
 Temple: D:4-7

Altars:


Message History

t - Shout!
Orders for allies: a - Attack new target. r - Retreat! s - Stop attacking. w - Wait here. f - Follow me.
Anything else - Stay silent.
Gang up on whom?
Press: ? - help, Dir - move target cursor, f - killer bee
Aim: a killer bee Attack!
You hear a bark!
The jackal bites your ice beast but does no damage.
Your ice beast hits the killer bee.
Your ice beast freezes the killer bee.
Your ice beast hits the jackal but does no damage.
The killer bee barely misses you.
A jackal comes into view.
You closely miss the killer bee.
The killer bee is severely wounded.
You are starting to lose your buoyancy.
The killer bee stings you.
You die...

# #
###############
.(..........>y####
.....[#..†...y...#
#.####.#...##.##.#
#.# #.######.##.#
#.# #.# #.##.#
#.####<# #.##@#
.....#.# #.##y#
...(...#
#...Y########
≈≈.....#
####Y.....%..
≈≈≈..#.#
#h########
.≈≈..#.# #h#
≈≈≈..#.# #.#
≈≈...#.# #h#
.....#.# #.#


You could see a killer bee, 3 jackals and 2 friendly ice beasts.

Vanquished Creatures
  The ghost of Uberwunderbarhen the Ducker, an average DsGl (D:4)
  A hound (D:4)
  A gnoll (D:2)
  2 giant geckos
  2 orcs (D:3)
  A bat skeleton (D:4)
  3 giant cockroaches
  3 goblins
  A hobgoblin (D:4)
  A quokka (D:4)
  3 bats (D:2)
  A giant newt (D:3)
  3 kobolds
  2 rats
25 creatures vanquished.

Vanquished Creatures (collateral kills)
  3 killer bees (D:5)
  A crimson imp (D:3)
  2 orc priests
  Crazy Yiuf (D:3)
  A giant frog skeleton (D:4)
  2 hounds
  7 adders
  2 gnolls (D:2)
  A river rat (Sewer)
  A giant mite (D:5)
  5 worms
  An adder skeleton (D:4)
  3 giant geckos (D:2)
  An ooze (Sewer)
  5 orcs
  3 giant cockroaches
  7 goblins
  12 hobgoblins
  10 kobolds
  A quokka (D:1)
  4 ball pythons
  11 bats
  3 giant newts (D:2)
  A quokka skeleton (D:4)
  9 rats
97 creatures vanquished.

Vanquished Creatures (others)
  6 crimson imps
  7 hounds
  2 shadow imps
  6 white imps (D:4)
  6 bats
  2 quokkas
  7 rats (D:1)
36 creatures vanquished.

Grand Total: 158 creatures vanquished

Notes
Turn   | Place    | Note
--------------------------------------------------------------
     0 | D:1      | Kidiri, the Deep Elf Summoner, began the quest for the Orb.
     0 | D:1      | Reached XP level 1. HP: 10/10 MP: 5/5
   828 | D:1      | Reached XP level 2. HP: 16/16 MP: 3/8
   832 | D:1      | Learned a level 2 spell: Call Imp
  2114 | D:2      | Reached XP level 3. HP: 16/20 MP: 4/11
  2119 | D:2      | Learned a level 3 spell: Call Canine Familiar
  2243 | D:2      | Reached skill level 1 in Fighting
  3050 | D:2      | Reached skill level 5 in Summonings
  3050 | D:2      | Reached XP level 4. HP: 7/25 MP: 5/14
  3273 | D:2      | Learned a level 4 spell: Summon Guardian Golem
  3661 | D:3      | Noticed Crazy Yiuf
  3687 | D:3      | Killed Crazy Yiuf
  4195 | D:4      | Noticed Uberwunderbarhen's ghost (average DsGl)
  4319 | D:3      | Reached XP level 5. HP: 12/29 MP: 2/18
  4751 | D:4      | Killed Uberwunderbarhen's ghost
  4751 | D:4      | Reached skill level 5 in Spellcasting
  4751 | D:4      | Reached XP level 6. HP: 14/35 MP: 17/21
  4757 | D:4      | Learned a level 4 spell: Summon Ice Beast
  4970 | D:4      | Reached skill level 1 in Hexes
  5322 | D:5      | Entered Level 5 of the Dungeon
  5323 | D:5      | Found a glowing drain.
  5369 | Sewer    | Entered a sewer
  6256 | D:5      | Reached skill level 1 in Ice Magic
  6491 | D:5      | HP: 1/35 [killer bee (8)]
  6524 | D:5      | Slain by a killer bee

Action                   |  1- 3 |  4- 6 || total
-------------------------+-------+-------++-------
Melee: Unarmed           |     6 |       ||     6
       Short sword       |    17 |    84 ||   101
       Dagger            |     1 |    16 ||    17
 Fire: Hand crossbow     |       |     8 ||     8
 Cast: Summon Small Mamm |    34 |     6 ||    40
       Call Imp          |    20 |    33 ||    53
       Call Canine Famil |     6 |    26 ||    32
       Summon Ice Beast  |       |     2 ||     2
Evoke: Wand              |       |     3 ||     3
  Use: Scroll            |     6 |     2 ||     8
       Potion            |     5 |     8 ||    13
 Stab: Sleeping          |       |     2 ||     2
       Distracted        |       |     2 ||     2
  Eat: Chunk             |     2 |     3 ||     5
       Meat ration       |     1 |     2 ||     3
